 Dungeon Crawl Stone Soup version 0.26-a0-1038-gfb849e850a (webtiles) character file.

Game seed: 12363144688605075833

143199 Morbidden the Blocker (level 16, -4/127 HPs)
             Began as a Demonspawn Fighter on Dec 11, 2020.
             Was the Champion of Vehumet.
             Killed from afar by Nikola (6 damage)
             ... with a chain lightning
             ... on level 3 of the Spider Nest.
             The game lasted 01:06:35 (29722 turns).

Morbidden the Blocker (Demonspawn Fighter)         Turns: 29722, Time: 01:06:36

Health: -4/127     AC: 14    Str: 19    XL:     16   Next: 82%
Magic:  29/29      EV:  8    Int: 14    God:    Vehumet [******]
Gold:   4660       SH: 35    Dex: 21    Spells: 19/33 levels left

rFire    . . .     SeeInvis .   h - +5 double sword (vamp)
rCold    + . .     Faith    .   f - +10 tower shield of Ignorance {rN+ Int-4}
rNeg     + + .     Spirit   .   C - +3 plate armour {rC+}
rPois    .         Reflect  .   (helmet unavailable)
rElec    +         Harm     .   A - +0 cloak
rCorr    .         Rampage  .   Y - +2 pair of gloves
Will     ++...                  O - +0 pair of boots
Stlth    ..........             c - amulet of Retze {rF- rN+ Will+ Regen+ Dex+3}
HPRegen  0.71/turn              i - ring of Ucynuo {rElec Int+3 Slay+4}
MPRegen  0.21/turn              l - ring "Ymoa" {AC+4 Str+2 Dex+4 Slay+3}

@: corroded
A: horns 3, large bone plates 2, demonic guardian 1, fire resistance 1, spiny 1
a: Renounce Religion


You were on level 3 of the Spider Nest.
You worshipped Vehumet.
Vehumet was exalted by your worship.
You visited 5 branches of the dungeon, and saw 28 of its levels.
You also visited: Bailey, Gauntlet, Ice Cave and Volcano.

You collected 4660 gold pieces.

Inventory:

Hand Weapons
 a - the +4 long sword of Idocsif {vamp, rF+ Will+ Dex+3}
   (You found it on level 8 of the Dungeon)

   It inflicts no extra harm, but heals its wielder when it wounds a living foe.
   It affects your dexterity (+3).
   It protects you from fire.
   It affects your willpower, your defense against some magical effects.
 b - a +4 scimitar of flaming
 h - a +5 vampiric double sword (weapon)
Missiles
 k - 74 poisoned darts (quivered)
 p - 6 javelins
 u - 5 throwing nets
 U - 6 curare-tipped darts
 Z - 17 silver javelins
Armour
 f - the +10 tower shield of Ignorance (worn) {rN+ Int-4}
   (You found it in an ice cave)

   It affects your intelligence (-4).
   It protects you from negative energy.
 w - +0 fire dragon scales
 A - a +0 cloak (worn)
 C - a +3 plate armour of cold resistance (worn)
 O - a +0 pair of boots (worn)
 X - the +3 kite shield of Conscience {rPois Will+}
   (You found it on level 11 of the Dungeon)

   It protects you from poison.
   It affects your willpower, your defense against some magical effects.
 Y - a +2 pair of gloves (worn)
Jewellery
 c - the amulet of Retze (around neck) {rF- rN+ Will+ Regen+ Dex+3}
   (You found it on level 13 of the Dungeon)

   [amulet of regeneration]

   It affects your dexterity (+3).
   It makes you vulnerable to fire.
   It protects you from negative energy.
   It affects your willpower, your defense against some magical effects.
   It increases your rate of regeneration.
 e - an uncursed ring of resist corrosion
 i - the ring of Ucynuo (left hand) {rElec Int+3 Slay+4}
   (You acquired it on level 6 of the Lair of Beasts)

   [ring of slaying]

   It affects your intelligence (+3).
   It affects your accuracy and damage with ranged weapons and melee attacks
   (+4).
   It insulates you from electricity.
 l - the ring "Ymoa" (right hand) {AC+4 Str+2 Dex+4 Slay+3}
   (You acquired it on level 9 of the Dungeon)

   [ring of protection]

   It affects your AC (+4).
   It affects your strength (+2).
   It affects your dexterity (+4).
   It affects your accuracy and damage with ranged weapons and melee attacks
   (+3).
 r - the amulet "Ockaf" {Inacc rF++ Int+2 Dex-3 SInv}
   (You found it on level 9 of the Dungeon)

   [amulet of inaccuracy]

   It reduces the accuracy of all your attacks.
   It affects your intelligence (+2).
   It affects your dexterity (-3).
   It greatly protects you from fire.
   It lets you see invisible.
 t - the ring of Agnosticism {rElec rF+ Str+6 Dex+4}
   (You took it off an efreet on level 9 of the Dungeon)

   [ring of strength]

   It affects your strength (+6).
   It affects your dexterity (+4).
   It protects you from fire.
   It insulates you from electricity.
Wands
 j - a wand of digging (5)
 H - a wand of acid (9)
 I - a wand of disintegration (45)
 K - a wand of flame (13)
 S - a wand of paralysis (18)
 W - a wand of iceblast (25)
Scrolls
 m - 2 scrolls of immolation
 n - 7 scrolls of amnesia
 v - 6 scrolls of enchant armour
 y - 2 scrolls of identify
 E - 7 scrolls of magic mapping
 F - 2 scrolls of fear
 J - 2 scrolls of blinking
 R - 4 scrolls of teleportation
 T - 7 scrolls of remove curse
Potions
 d - a potion of mutation {unknown}
 g - 8 potions of curing
 o - 9 potions of ambrosia
 q - a potion of resistance {unknown}
 s - 4 potions of berserk rage
 x - 2 potions of lignification
 z - a potion of degeneration {unknown}
 D - 4 potions of flight
 L - 5 potions of might
 M - 4 potions of haste
 N - a potion of magic {unknown}
 P - 2 potions of cancellation
 Q - 4 potions of heal wounds
 V - 3 potions of attraction
Miscellaneous
 B - a phantom mirror (inert)
 G - a tin of tremorstones (2/2)


   Skills:
 * Level 11.8 Fighting
 + Level 12.2 Long Blades
 + Level 3.7 Throwing
 + Level 7.5 Armour
 * Level 8.3 Dodging
 + Level 3.3 Stealth
 * Level 12.5 Shields
 * Level 9.3 Spellcasting
 * Level 10.6 Conjurations
 * Level 7.4 Summonings
 * Level 7.2 Ice Magic
 + Level 2.1 Evocations


You had 19 spell levels left.
You knew the following spells:

 Your Spells              Type           Power        Failure   Level
a - Magic Dart            Conj           ####         4%          1
b - Frozen Ramparts       Ice            ####..       45%         3
c - Call Canine Familiar  Summ           ####....     88%         3
d - Orb of Destruction    Conj           #####.....   100%        7

Your spell library contained the following spells:

 Spells                   Type           Power        Failure   Level
 Ignition                 Fire           #.........   100%        8
 Absolute Zero            Ice            ####......   100%        9
 Tornado                  Air            #.........   100%        9
 Freeze                   Ice            ####         17%         1
 Foxfire                  Conj/Fire      ###.         36%         1
 Summon Small Mammal      Summ           ####         54%         1
 Hailstorm                Conj/Ice       ####....     61%         4
 Call Imp                 Summ           ####....     67%         2
 Conjure Flame            Conj/Fire      ###.....     71%         3
 Dazzling Flash           Conj/Hex       ###...       71%         3
 Iskenderun's Battlesphe  Conj           #####...     71%         5
 Mephitic Cloud           Conj/Pois/Air  ###.....     90%         3
 Ozocubu's Armour         Ice            ####....     91%         3
 Sticky Flame             Conj/Fire      ###.....     97%         4
 Ensorcelled Hibernation  Hex/Ice        ###...       99%         2
 Corona                   Hex            #......      100%        1
 Sting                    Tmut/Pois      #...         100%        1
 Poisonous Vapours        Pois/Air       #.....       100%        2
 Confusing Touch          Hex            #.......     100%        3
 Gell's Gravitas          Tloc           #.........   100%        3
 Ignite Poison            Fire/Tmut/Pois #.......     100%        3
 Inner Flame              Hex/Fire       #.......     100%        3
 Summon Guardian Golem    Hex/Summ       ###.....     100%        3
 Tukima's Dance           Hex            #.......     100%        3
 Ice Form                 Ice/Tmut       ###.....     100%        4
 Olgreb's Toxic Radiance  Pois           #.......     100%        4
 Petrify                  Tmut/Erth      #.......     100%        4
 Summon Ice Beast         Ice/Summ       ####....     100%        4
 Summon Lightning Spire   Summ/Air       ###.....     100%        4
 Bolt of Magma            Conj/Fire/Erth ###.......   100%        5
 Fireball                 Conj/Fire      ###.......   100%        5
 Irradiate                Conj/Tmut      ###.......   100%        5
 Metabolic Englaciation   Hex/Ice        ###.......   100%        5
 Summon Demon             Summ           ####......   100%        5
 Summon Forest            Summ/Tloc      ###.......   100%        5
 Summon Mana Viper        Hex/Summ       ###.....     100%        5
 Yara's Violent Unravell  Hex/Tmut       #.........   100%        5
 Freezing Cloud           Conj/Ice/Air   ###.......   100%        6
 Hydra Form               Tmut           #.........   100%        6
 Iron Shot                Conj/Erth      ###.......   100%        6
 Ozocubu's Refrigeration  Ice            ####......   100%        6
 Shadow Creatures         Summ           N/A          100%        6
 Simulacrum               Ice/Necr       ###.......   100%        6
 Statue Form              Tmut/Erth      #........    100%        6
 Dragon Form              Tmut           #.........   100%        7
 Spellforged Servitor     Conj/Summ      ####......   100%        7
 Summon Hydra             Summ           ####......   100%        7


Dungeon Overview and Level Annotations

Branches:
Dungeon (15/15)            Temple (1/1) D:6            Lair (6/6) D:10
 Shoals (0/4) Lair:4       Spider (4/4) Lair:4        Slime (0/5) Lair:6
    Orc (2/2) D:12            Elf (0/3) Orc:2        Vaults (0/5) D:14
 Depths (0/5) D:15         Bailey (visited)           IceCv (visited)
Volcano (visited)         Gauntlet (visited)

Altars:
Ashenzari
Cheibriados
Dithmenos
Elyvilon
Fedhas
Gozag
Hepliaklqana
Kikubaaqudgha
Makhleb
Nemelex Xobeh
Okawaru
Qazlal
Ru
Sif Muna
Trog
Uskayaw
Vehumet
Wu Jian
Xom
Yredelemnul
Zin
The Shining One
Beogh

Shops:
D:10 (   Orc:2 [[:!

Annotations:
D:6 2 runed translucent doors, flt's ghost, novice OgHu
Spider:3 Aizul; Kirke; Nikola


Innate Abilities, Weirdness & Mutations

You have a pair of large horns on your head.
You are mostly covered in large bone plates. (SH +6)
A weak demonic guardian rushes to your aid.
Your flesh is heat resistant. (rF+)
You are partially covered in sharp spines.


Message History

As you read the scroll of fear, it crumbles to dust.
You assume a fearsome visage.
The redback looks frightened!
The tarantella looks frightened!
The jumping spider looks frightened!
The wolf spider looks frightened!
The jumping spider looks frightened! x3
Nikola easily resists.
Your quasit is unaffected.
The orb spider looks frightened!
The jumping spider leaps! x5
Your quasit closely misses Nikola.
Your quasit claws Nikola but does no damage.
Your quasit barely misses Nikola.
The jumping spider leaps!
Nikola mumbles some strange words.
You hear a mighty clap of thunder!
The lightning arc hits your quasit!!
Your quasit dies!
The lightning arc hits you! You resist.
* * * LOW HITPOINT WARNING * * *
The lightning arc hits Nikola.
The lightning arc hits you! You resist.
* * * LOW HITPOINT WARNING * * *
The lightning arc hits Nikola.
The lightning arc hits you. You resist.
You die...

...^..#.........^#^.......#
.#....#.##...#...######...#
.#....###...##^..# #####
.#†..#.#...##....# ###
##...#.###.#..^.## #s^##
##..##.....#..#####...÷#
#...#......#.####s.°○.)°
#^..#......#....$..^s.s)
...##..#.###...@@.°÷s○.s
...#.^....##....##.[[...
...###.....##... ..^.=
.#...^....^##... )s.°
.##....#..####.. )=°
####...##### #.. ..
#..^.....^.# ### [
#.........## #........##


You could see Nikola, a wolf spider (fleeing), an orb spider (fleeing), 3
jumping spiders, a tarantella (fleeing) and a redback (fleeing).

Vanquished Creatures
  Arachne (Spider:2)
  Jorgrun (Orc:2)
  Frances (D:11)
  Donald (Spider:3)
  A minotaur (Gauntlet)
  Snorg (D:11)
  3 fire dragons
  8 vault guards (D:14)
  An ice dragon (D:15)
  13 hydras
  5 centaur warriors
  3 boulder beetles (D:15)
  7 two-headed ogres
  A queen ant (D:11)
  A death knight (D:15)
  3 ogre magi
  A tengu warrior (D:15)
  Nergalle (Orc:2)
  Sonja (Lair:4)
  A fire crab (Gauntlet)
  2 unseen horrors
  A wizard (Gauntlet)
  2 lindwurms
  6 ugly things
  A phantasmal warrior (D:15)
  A necromancer (IceCv)
  An orc knight (Bailey)
  4 orb spiders
  3 deep elf magi
  6 cyclopes
  8 orc sorcerers (Orc:2)
  18 wolf spiders
  A manticore (D:14)
  2 moths of wrath
  17 elephants
  2 merfolk sirens (Lair:4)
  4 black mambas
  2 torpor snails
  24 cane toads
  2 ice statues (IceCv)
  Psyche (D:11)
  3 efreet
  A rime drake (shapeshifter) (D:13)
  4 rime drakes
  A yaktaur (D:14)
  4 demonic crawlers
  2 freezing wraiths (D:15)
  4 komodo dragons
  A redback zombie (D:15)
  6 ice devils (IceCv)
  8 polar bears
  22 jumping spiders
  9 trolls
  A queen bee (Lair:3)
  5 tyrant leeches (Lair:6)
  21 blink frogs
  43 redbacks
  2 wyverns
  A meliai zombie (D:14)
  16 tarantellas
  2 wraiths
  32 yaks
  A shadow (D:14)
  13 fire bats
  4 basilisks
  2 steam dragons
  6 vampire mosquitoes (Lair:6)
  13 soldier ants
  21 water moccasins
  2 acid dragons
  26 orc warriors
  3 hell hounds
  7 black bears
  A hornet zombie (D:8)
  6 ice beasts
  4 sky beasts
  2 phantoms
  12 wolves
  16 ogres
  19 centaurs
  Blork the orc (D:5)
  27 bullfrogs
  5 scorpions
  33 killer bees
  18 wights
  10 electric eels
  4 howler monkeys
  3 centaur zombies
  3 draconian simulacra (IceCv)
  2 bullfrog zombies
  5 hounds
  5 lava snakes (Volcano)
  A quasit (D:10)
  4 jellies
  40 orc wizards
  3 bullfrog skeletons
  3 centaur skeletons
  16 orc priests
  2 gnoll shamans
  4 iguanas
  47 worker ants
  3 troll simulacra (IceCv)
  A killer bee zombie (D:5)
  2 centaur simulacra (IceCv)
  A hound skeleton (D:4)
  3 worker ant zombies
  17 gnolls
  13 adders
  An ogre simulacrum (IceCv)
  A naga simulacrum (IceCv)
  A hound simulacrum (D:9)
  4 shadow imps
  5 white imps
  3 ufetubi
  2 adder zombies
  An adder skeleton (D:4)
  4 worms
  A dart slug (D:1)
  3 leopard geckos
  75 orcs
  3 bats
  2 giant cockroaches
  6 goblins
  6 hobgoblins
  13 jackals
  6 quokkas
  3 ball pythons
  2 frilled lizards
  7 kobolds
  2 leopard gecko skeletons
  10 rats
946 creatures vanquished.

Vanquished Creatures (collateral kills)
  2 hydras
  A boulder beetle (Spider:1)
  A two-headed ogre (D:6)
  A cyclops (D:13)
  2 elephants
  A cane toad (Lair:2)
  A komodo dragon (Lair:6)
  2 trolls
  A blink frog (Lair:6)
  Sigmund (D:5)
  2 yaks (Lair:5)
  5 orc warriors (Bailey)
  An ice beast (D:6)
  2 centaurs
  A wolf (Lair:3)
  A phantom (D:6)
  2 bullfrogs
  2 hounds
  A quasit (D:6)
  An orc priest (D:12)
  An orc wizard (D:5)
  An iguana (D:6)
  A worker ant (D:11)
  A howler monkey skeleton (D:6)
  A shadow imp (D:5)
  3 orcs
  A jackal (D:4)
  A ball python (D:5)
  A leopard gecko skeleton (D:5)
42 creatures vanquished.

Vanquished Creatures (others)
  An obsidian statue (Volcano)
  An orc priest (D:14)
  2 orc wizards
  A bush (Lair:6)
  51 fungi
  122 plants
178 creatures vanquished.

Grand Total: 1166 creatures vanquished

Notes
Turn   | Place    | Note
-------+----------+-------------------------------------------
     0 | D:1      | Morbidden the Demonspawn Fighter began the quest for the
                  | Orb.
     0 | D:1      | Reached XP level 1. HP: 18/18 MP: 1/1
   164 | D:1      | Gained mutation: You are partially covered in large bone
                  | plates. (SH +4) [demonic ancestry]
   164 | D:1      | Reached XP level 2. HP: 15/24 MP: 2/2
  1086 | D:1      | Found a glowing golden altar of the Shining One.
  1310 | D:2      | Found a blossoming altar of Fedhas.
  1386 | D:2      | Reached XP level 3. HP: 13/29 MP: 3/3
  1785 | D:2      | Gained mutation: A weak demonic guardian rushes to your
                  | aid. [demonic ancestry]
  1785 | D:2      | Reached XP level 4. HP: 35/35 MP: 4/4
  3077 | D:4      | You fall into a shaft and drop 2 floors!
  3078 | D:6      | Noticed an ice beast
  3109 | D:6      | Gained mutation: You have a pair of small horns on your
                  | head. [demonic ancestry]
  3109 | D:6      | Reached XP level 5. HP: 42/42 MP: 5/5
  3128 | D:6      | Reached skill level 1 in Dodging
  3246 | D:6      | Noticed a phantom
  3267 | D:6      | Killed a phantom
  3415 | D:6      | Noticed a two-headed ogre
  3434 | D:6      | Reached XP level 6. HP: 32/48 MP: 6/6
  3485 | D:6      | Killed a two-headed ogre
  3486 | D:6      | Reached skill level 5 in Long Blades
  3486 | D:6      | Reached skill level 1 in Throwing
  3486 | D:6      | Reached XP level 7. HP: 31/55 MP: 7/7
  3929 | D:6      | Gained mutation: You are mostly covered in large bone
                  | plates. (SH +6) [demonic ancestry]
  3929 | D:6      | Reached XP level 8. HP: 61/61 MP: 8/8
  4015 | D:6      | Found a large runed translucent door.
  4016 | D:6      | Found a large runed translucent door.
  4018 | D:6      | Noticed flt's ghost (novice OgHu)
  4148 | D:6      | Found a staircase to the Ecumenical Temple.
  4247 | Temple   | Entered the Ecumenical Temple
  4546 | Temple   | Became a worshipper of Vehumet
  4854 | D:5      | Entered Level 5 of the Dungeon
  4915 | D:5      | Noticed Blork the orc
  4925 | D:5      | Killed Blork the orc
  4983 | D:5      | Reached skill level 5 in Fighting
  5134 | D:5      | Noticed Sigmund
  5147 | D:5      | Killed Sigmund
  5148 | D:5      | Reached skill level 5 in Shields
  5574 | D:5      | Reached * piety under Vehumet
  5574 | D:5      | Offered knowledge of Magic Dart by Vehumet.
  5577 | D:5      | Learned a level 1 spell: Magic Dart
  5589 | D:5      | Found a bloodstained altar of Trog.
  5635 | D:5      | Found a sparkling altar of Nemelex Xobeh.
  6577 | D:7      | Reached skill level 1 in Conjurations
  6586 | D:7      | Offered knowledge of Foxfire by Vehumet.
  6607 | D:7      | Reached XP level 9. HP: 36/69 MP: 10/10
  6632 | D:7      | Found a flagged portal.
  6638 | D:7      | Reached ** piety under Vehumet
  6800 | Bailey   | Entered a bailey
  6801 | Bailey   | Noticed an orc knight
  6812 | Bailey   | Reached skill level 1 in Spellcasting
  8048 | Bailey   | Killed an orc knight
  8049 | Bailey   | Reached skill level 1 in Stealth
  8062 | Bailey   | Reached skill level 1 in Evocations
  8200 | D:7      | Offered knowledge of Frozen Ramparts by Vehumet.
  8212 | D:7      | Learned a level 3 spell: Frozen Ramparts
  8912 | D:7      | Reached *** piety under Vehumet
  9190 | D:8      | Found a snail-covered altar of Cheibriados.
  9191 | D:8      | Found a hazy altar of Hepliaklqana.
  9212 | D:8      | Got a scorched long sword
  9213 | D:8      | Identified the +4 long sword of Idocsif {vamp, rF+ Will+
                  | Dex+3} (You found it on level 8 of the Dungeon)
  9265 | D:8      | Gained mutation: You have a pair of horns on your head.
                  | [demonic ancestry]
  9265 | D:8      | Reached XP level 10. HP: 79/79 MP: 14/14
  9412 | D:8      | Offered knowledge of Mephitic Cloud by Vehumet.
  9518 | D:8      | Identified the +0 falchion of Dominance {drain, Dex+6} (You
                  | found it on level 8 of the Dungeon)
 10106 | D:8      | Found a shimmering altar of Xom.
 10327 | D:9      | Reached **** piety under Vehumet
 10328 | D:9      | Reached skill level 1 in Ice Magic
 10562 | D:9      | Noticed a green ugly thing
 10565 | D:9      | Noticed a cyclops
 10567 | D:9      | Identified the ring of Agnosticism {rElec rF+ Str+6 Dex+4}
 10569 | D:9      | Offered knowledge of Hailstorm by Vehumet.
 10573 | D:9      | Killed a green ugly thing
 10573 | D:9      | Killed a cyclops
 10573 | D:9      | Noticed a seven-headed hydra
 10575 | D:9      | Noticed a death knight
 10629 | D:9      | Found an ornate altar of the Wu Jian Council.
 10672 | D:9      | Got a faintly glowing pewter amulet
 10677 | D:9      | Identified the amulet "Quptise" {Acrobat Int+3} (You found
                  | it on level 9 of the Dungeon)
 11110 | D:9      | Got a twitching copper ring
 11119 | D:9      | Got a scintillating amethyst amulet
 11136 | D:9      | Identified the cursed ring "Morhuc" {rElec rPois Int-4
                  | Dex+3 Slay-6} (You found it on level 9 of the Dungeon)
 11138 | D:9      | Identified the amulet "Ockaf" {Inacc rF++ Int+2 Dex-3 SInv}
                  | (You found it on level 9 of the Dungeon)
 11184 | D:10     | Entered Level 10 of the Dungeon
 11444 | D:9      | Reached skill level 5 in Conjurations
 11630 | D:9      | Noticed a moth of wrath
 11632 | D:9      | Found a bloodstained altar of Trog.
 11653 | D:9      | Identified a scroll of acquirement
 11653 | D:9      | Acquired the ring "Ymoa" {AC+4 Str+2 Dex+4 Slay+3}
 12057 | D:10     | Found Yfax Oty's Antique Weapon Boutique.
 12082 | D:10     | Reached XP level 11. HP: 84/84 MP: 17/17
 12334 | D:10     | Found a staircase to the Lair.
 12491 | Lair:1   | Entered Level 1 of the Lair of Beasts
 12678 | Lair:1   | Reached skill level 5 in Spellcasting
 12920 | Lair:1   | Reached skill level 5 in Armour
 14451 | Lair:3   | Noticed a six-headed hydra
 14586 | Lair:3   | Gained mutation: You have a pair of large horns on your
                  | head. [demonic ancestry]
 14586 | Lair:3   | Reached XP level 12. HP: 94/94 MP: 20/20
 14851 | Lair:3   | Reached skill level 5 in Ice Magic
 14862 | Lair:3   | Reached ***** piety under Vehumet
 14863 | Lair:3   | Offered knowledge of Spellforged Servitor by Vehumet.
 14865 | Lair:3   | Killed a six-headed hydra
 15528 | Lair:3   | Noticed a seven-headed hydra
 15560 | Lair:3   | Killed an eight-headed hydra
 16106 | Lair:4   | Noticed a six-headed hydra
 16210 | Lair:4   | Noticed Sonja
 16216 | Lair:4   | Killed Sonja
 16393 | D:11     | Noticed a queen ant
 16408 | D:11     | Killed a queen ant
 16603 | D:11     | Noticed Psyche
 16609 | D:11     | Noticed Snorg
 16619 | D:11     | Killed Psyche
 16635 | D:11     | Killed Snorg
 16679 | D:11     | Noticed an eight-headed hydra
 16751 | D:9      | Killed a four-headed hydra
 16843 | D:11     | Killed a five-headed hydra
 16844 | D:11     | Reached skill level 10 in Long Blades
 16844 | D:11     | Reached XP level 13. HP: 65/101 MP: 22/22
 17124 | D:11     | Identified the cursed +1 ring mail of Elyvilon's
                  | Castigation {rF+ Stlth+}
 17327 | D:11     | Got a masterwork kite shield
 17338 | D:11     | Identified the +3 kite shield of Conscience {rPois Will+}
                  | (You found it on level 11 of the Dungeon)
 17376 | D:11     | Learned a level 3 spell: Call Canine Familiar
 17482 | D:12     | Noticed Frances
 17530 | D:11     | Killed Frances
 17652 | D:12     | Reached skill level 1 in Summonings
 17898 | D:12     | Offered knowledge of Olgreb's Toxic Radiance by Vehumet.
 17936 | D:12     | Found a staircase to the Orcish Mines.
 17945 | D:12     | Reached skill level 5 in Dodging
 18287 | D:12     | Found a roughly hewn altar of Beogh.
 18641 | D:13     | Got a transparent ruby amulet
 18642 | D:13     | Identified the amulet of Retze {rF- rN+ Will+ Regen+ Dex+3}
                  | (You found it on level 13 of the Dungeon)
 19130 | D:13     | Offered knowledge of Orb of Destruction by Vehumet.
 19362 | D:13     | Learned a level 7 spell: Orb of Destruction
 19398 | D:14     | Found a gate to the Vaults.
 19419 | D:14     | Gained mutation: Your flesh is heat resistant. (rF+)
                  | [demonic ancestry]
 19419 | D:14     | Reached XP level 14. HP: 109/109 MP: 25/25
 19433 | D:14     | Reached skill level 10 in Fighting
 19550 | D:14     | Reached skill level 10 in Shields
 19562 | D:14     | Found a gate leading to a gauntlet.
 19566 | Gauntlet | Entered a Gauntlet
 19566 | Gauntlet | Found a transporter.
 19566 | Gauntlet | Found a transporter.
 19576 | Gauntlet | Found a transporter.
 19579 | Gauntlet | Found a transporter.
 19591 | Gauntlet | Found a transporter.
 19592 | Gauntlet | Found a transporter.
 19599 | Gauntlet | Found a transporter.
 19615 | Gauntlet | Found a transporter.
 19632 | Gauntlet | Found a transporter.
 19633 | Gauntlet | Found a transporter.
 19641 | Gauntlet | Found a transporter.
 19645 | Gauntlet | Found a transporter.
 20028 | Gauntlet | Got a twitching copper ring
 20033 | Gauntlet | Identified the ring "Agistrin" {rF+ Str+2 Dex+6} (You found
                  | it in a Gauntlet)
 21209 | D:15     | Entered Level 15 of the Dungeon
 21661 | D:15     | Found a staircase to the Depths.
 21728 | D:15     | Reached skill level 5 in Summonings
 22124 | D:15     | Found a shimmering blue altar of Sif Muna.
 22304 | D:15     | Gained mutation: You are partially covered in sharp spines.
                  | [demonic ancestry]
 22304 | D:15     | Reached XP level 15. HP: 117/117 MP: 27/27
 22674 | Lair:4   | Found a hole to the Spider Nest.
 22849 | Lair:4   | Offered knowledge of Bolt of Magma by Vehumet.
 23062 | Lair:4   | Found a staircase to the Shoals.
 23505 | Lair:5   | Found a frozen archway.
 23526 | IceCv    | Entered an ice cave
 23559 | IceCv    | Acquired 1107 gold pieces
 23841 | IceCv    | Found the +10 tower shield of Ignorance {rN+ Int-4}
 24011 | Lair:5   | Reached ****** piety under Vehumet
 24443 | Lair:6   | Entered Level 6 of the Lair of Beasts
 24502 | Lair:6   | Found a staircase to the Slime Pits.
 24605 | Lair:5   | Offered knowledge of Lee's Rapid Deconstruction by Vehumet.
 25042 | Lair:6   | Reached skill level 10 in Conjurations
 25052 | Lair:6   | Acquired the ring of Ucynuo {rElec Int+3 Slay+4}
 25428 | Lair:6   | Offered knowledge of Starburst by Vehumet.
 26034 | Orc:1    | Entered Level 1 of the Orcish Mines
 26089 | Orc:1    | Found a dark tunnel.
 26098 | Volcano  | Entered a volcano
 26209 | Volcano  | Found a radiant altar of Vehumet.
 26222 | Volcano  | Reached XP level 16. HP: 112/125 MP: 28/28
 26471 | Orc:2    | Entered Level 2 of the Orcish Mines
 26514 | Orc:2    | Found a staircase to the Elven Halls.
 26784 | Orc:2    | Paralysed by an orc sorcerer for 5 turns
 26788 | Orc:2    | Offered knowledge of Chain Lightning by Vehumet.
 26804 | Orc:2    | Found Gisiu's Distillery.
 26845 | Orc:2    | Found an ancient bone altar of Kikubaaqudgha.
 26845 | Orc:2    | Noticed Nergalle
 26855 | Orc:2    | Killed Nergalle
 26879 | Orc:2    | Found a radiant altar of Vehumet.
 26947 | Orc:2    | Found a roughly hewn altar of Beogh.
 26947 | Orc:2    | Found Gigged's Antique Armour Emporium.
 26957 | Orc:2    | Found Folept's Book Shoppe.
 26967 | Orc:2    | Found Nazoukkapri's Antique Armour Emporium.
 27157 | Orc:2    | Noticed Jorgrun
 27167 | Orc:2    | Killed Jorgrun
 27862 | Spider:1 | Entered Level 1 of the Spider Nest
 28112 | Spider:1 | You fall into a shaft and drop 1 floor!
 28254 | Spider:2 | Offered knowledge of Tornado by Vehumet.
 28254 | Spider:2 | Offered knowledge of Ignition by Vehumet.
 28254 | Spider:2 | Offered knowledge of Absolute Zero by Vehumet.
 28912 | Spider:2 | Noticed Arachne
 28923 | Spider:2 | Killed Arachne
 29355 | Spider:3 | Noticed Donald
 29366 | Spider:3 | Killed Donald
 29699 | Spider:3 | Noticed Aizul
 29701 | Spider:3 | Noticed Kirke
 29712 | Spider:4 | Entered Level 4 of the Spider Nest
 29720 | Spider:3 | Noticed Nikola
 29722 | Spider:3 | HP: 2/127 [Nikola/chain lightning (11)]
 29722 | Spider:3 | Killed from afar by Nikola

Illustrated notes

Levels and vault maps discovered:
D:1:      lemuel_arrival_funnel, layout_basic, tso_metal_star
D:2:      layout_loops_ring, nrook_loot_triangle, fedhas_altar_1
D:3:      layout_rooms
D:4:      layout_rooms, chequers_serial_rivers_marsh
D:5:      layout_basic, nicolae_overflow_crystal_walls,
          nemelex_xobeh_ov_fountains_minmay, minmay_fractal_squares_5,
          uniq_sigmund, uniq_blork_the_orc
D:6:      layout_cave_pods, minmay_temple_entry_proselytizer,
          ebering_ghost_disaster_area, grunt_decor_mini_mirrors
D:7:      layout_basic, enter_bailey_3, kennysheep_doodads,
          kennysheep_small_spiral
D:8:      layout_basic, tgw_xom, gammafunk_temple_overflow_statue
D:9:      minmay_the_grid_triangle_9x9_rhombus_thin
          [minmay_the_grid_triangle_9x9_corrupted_corridor,
          minmay_the_grid_triangle_9x9_prize_special,
          minmay_the_grid_triangle_9x9_checkered,
          minmay_the_grid_triangle_9x9_corruption], layout_stronghold,
          general_overflow_altar, tgw_trog
D:10:     layout_cave_pools, david_lair_generic, serial_shops, shop
D:11:     layout_roguey, zaba_anthell, uniq_psyche, uniq_snorg
D:12:     layout_small_grid, minmay_orc_entry_temple_small, uniq_frances
D:13:     layout_rooms, serial_rivers, chequers_serial_rivers_micro_a,
          chequers_serial_rivers_micro_a, chequers_serial_rivers_micro_d,
          chequers_serial_rivers_small_3, chequers_serial_rivers_marsh,
          chequers_serial_rivers_micro_d, minmay_hollow_rounded_squares
D:14:     layout_roguey [special_room_orc], erik_vaults_2,
          gauntlet_entry_generic, drop_trap
D:15:     grunt_enter_depths_hoard, layout_basic, lemuel_tele_altar
Temple:   minmay_temple_bridge_d
Lair:1:   beast_lair_carwin_large_3, layout_hall_layers
Lair:2:   layout_cellular_growth, patterned_corridor, infiniplex_staircase_pool
Lair:3:   layout_roguey [special_room_bee], grunt_megastairs_2
Lair:4:   layout_roguey, elwin_shoals_entry_rooms,
          nicolae_spider_entry_tight_spaces, uniq_sonja
Lair:5:   layout_regular_city, portal_ice_cave_rime
Lair:6:   minmay_lair_end_frog_pond, layout_small_grid, dpeg_slime_entry_corner,
          serial_bayou_lake_a
Spider:1: layout_spider_delve
Spider:2: layout_chambers, hangedman_spider_tarantella_strand,
          nicolae_spider_cling_halls, uniq_arachne
Spider:3: nicolae_spider_mines_1, guppyfry_spider_mini_3, uniq_donald,
          uniq_bai_suzhen, uniq_nikola, uniq_kirke, uniq_aizul
Spider:4: grunt_spider_rune_circles, spiders_nest_the_unseen
Orc:1:    layout_caves, enter_volcano_3
Orc:2:    kennysheep_orc_mage_school, layout_caves, uniq_jorgrun

Skill      XL: |  1  2  3  4  5  6  7  8  9 10 11 12 13 14 15 16 |
---------------+-------------------------------------------------+-----
Long Blades    | 2 3 4 5 6 7 8 9 10 11 12 | 12.2
Armour         | 3 4 5 6 7 |  7.5
Shields        | 3 4 5 6 7 8 9 10 11 12 | 12.5
Dodging        | 1 2 3 4 5 6 7 8 |  8.3
Fighting       | 4 5 7 8 9 10 11 | 11.8
Throwing       | 1 2 3 |  3.7
Conjurations   | 1 4 5 6 7 8 9 10 | 10.6
Spellcasting   | 2 4 5 6 7 8 9 |  9.3
Stealth        | 1 2 3 |  3.3
Evocations     | 1 2 |  2.1
Ice Magic      | 2 4 5 6 7 |  7.2
Summonings     | 3 5 6 7 |  7.4

Action                   |  1- 3 |  4- 6 |  7- 9 | 10-12 | 13-15 | 16-18 || total
-------------------------+-------+-------+-------+-------+-------+-------++-------
Melee: Long sword        |    94 |   123 |   320 |   670 |  1342 |     9 ||  2558
       Headbutt          |       |     6 |    50 |   265 |   608 |   128 ||  1057
       Scimitar          |       |       |       |    20 |    36 |       ||    56
       Double sword      |       |       |       |       |       |   418 ||   418
 Fire: Arbalest          |       |       |    45 |       |       |       ||    45
Throw: Dart              |     5 |    10 |    55 |    27 |    61 |       ||   158
       Javelin           |       |       |       |     4 |       |       ||     4
 Cast: Magic Dart        |       |       |     1 |    26 |    26 |     1 ||    54
       Frozen Ramparts   |       |       |       |     1 |     2 |       ||     3
Evoke: Wand              |       |       |     8 |     8 |     3 |       ||    19
       Tin of tremorston |       |       |       |     3 |     3 |       ||     6
       Phantom mirror    |       |       |       |       |       |     1 ||     1
  Use: Potion            |     2 |       |     1 |     1 |     3 |     1 ||     8
       Scroll            |       |     2 |     8 |    11 |    20 |     9 ||    50
 Stab: Distracted        |       |       |     1 |     4 |    15 |     2 ||    22
       Paralysed         |       |       |       |     2 |       |       ||     2
Armor: Scale mail        |    42 |    38 |       |       |       |       ||    80
       Chain mail        |       |    29 |   109 |   219 |    82 |       ||   439
       Skin              |       |       |     2 |       |    11 |       ||    13
       Plate armour      |       |       |       |       |   247 |   171 ||   418
       Fire dragon scale |       |       |       |       |    22 |     2 ||    24
Dodge: Dodged            |    31 |    41 |    52 |   204 |   318 |    72 ||   718
Block: Kite shield       |    66 |   124 |   347 |   761 |   909 |       ||  2207
       Tower shield      |       |       |       |       |   774 |   660 ||  1434
       Rpst.: Long sword |    11 |    20 |    11 |    39 |    78 |     1 ||   160
       Scimitar          |       |       |       |     2 |     2 |       ||     4
       Double sword      |       |       |       |       |       |    13 ||    13

Table legend: (Time is in decaauts)
 A = Elapsed time spent in this place.
 B = Non-inter-level travel time spent in this place.
 C = Inter-level travel time spent in this place.
 D = Time resting spent in this place.
 E = Time spent auto-exploring this place.
 F = Levels seen in this place.
 G = Mean time per level.
                   A        B        C        D        E       F      G
               +--------+--------+--------+--------+--------+-----+--------+
         Total |  29856 |  28034 |   1822 |   3557 |  17120 |  32 |  933.0 |
       Dungeon |  16250 |  15288 |    962 |   1611 |   9703 |  15 | 1083.3 |
        Temple |    370 |    225 |    145 |      0 |    223 |   1 |  370.0 |
          Lair |   6959 |   6411 |    548 |    381 |   4611 |   6 | 1159.8 |
   Spider Nest |   1860 |   1851 |      9 |      0 |   1330 |   4 |  465.0 |
  Orcish Mines |   1424 |   1267 |    157 |      0 |    883 |   2 |  712.0 |
        Bailey |   1413 |   1413 |      0 |    974 |     16 |   1 | 1413.0 |
      Ice Cave |    377 |    377 |      0 |      0 |    152 |   1 |  377.0 |
       Volcano |    254 |    254 |      0 |      0 |     87 |   1 |  254.0 |
      Gauntlet |    944 |    944 |      0 |    591 |    115 |   1 |  944.0 |
               +--------+--------+--------+--------+--------+-----+--------+

Top non-repeatable levels by time:
  Lair:3: 1594 daAuts
     D:6: 1492 daAuts
     D:8: 1465 daAuts
  Bailey: 1413 daAuts
     D:2: 1412 daAuts
     D:9: 1378 daAuts
  Lair:6: 1305 daAuts
     D:1: 1271 daAuts
  Lair:2: 1251 daAuts
     D:7: 1244 daAuts
Spider:2: 1241 daAuts
    D:15: 1233 daAuts
    D:11: 1132 daAuts
  Lair:4: 1128 daAuts
     D:5: 1075 daAuts
